 BcadrenCrawl: Boulder Brew version 0.06-240-gf756cca71e (webtiles) character file.

Game seed: 5266818644539436938, levelgen mode: deterministic

1509 gruber the Thaumaturge (level 8, -3/41 HPs) Deep Elf Ice Elementalist. Began on Aug 14, 2022. Slain by a crocodile (6 damage) ... on level 2 of the Dungeon. The game lasted 00:15:54 (3199 turns).

gruber the Thaumaturge (Deep Elf Ice Elementalist)  Turns: 3199, Time: 00:15:55

Health: -3/41      AC: 18    Str:  5    XL:     8 ^: 642
Magic:  9/23       EV: 13    Int: 23    God:
Gold:   160        SH:  0    Dex: 15    Spells: 11/25 levels left

rFire    . . .     Slash    x   l - +0 quarterstaff
rCold    . . .     Pierce   .   (also wielding the above weapon)
rNeg     + . .     Bludgeon .   m - +0 troll leather
rCorr    . . .     Vision   .   p - +1 helmet
rPois    .         Gourm    .   (no cloak)
rElec    .         Faith    .   (no gloves)
MR       .....     Spirit   .   (no boots)
HPRegen  0.63/turn Reflect  .   (no amulet)
MPRegen  0.33/turn Harm     .   f - ring of protection
Stlth    ++........             n - ring of positive energy

@: icy armour
A: soft flesh
a: no special abilities


You were on level 2 of the Dungeon.
You were not hungry.

You visited 1 branch of the dungeon, and saw 2 of its levels.

You collected 160 gold pieces.

Inventory:

Weapons
 l - a +0 quarterstaff (weapon)
Armour
 a - a +0 robe
 m - a +0 troll leather (worn)
 p - a +1 helmet (worn)
Jewellery
 f - a ring of protection (left hand)
 i - a cursed amulet of magic regeneration {(Curse: rF-)}
 n - a ring of positive energy (right hand)
 o - an uncursed amulet of rage
 r - a cursed ring of dexterity {(Curse: Slay-3 Stlth-)}
Scrolls
 b - 2 scrolls of teleportation
 d - 6 scrolls of magic mapping
 e - a scroll of fog
 j - a scroll of bless item
 q - a scroll of blinking
 t - a scroll of enchantment
Potions
 g - 2 potions of curing
 k - a potion of agility
 s - a potion of haste
 u - a potion of ambrosia
Miscellaneous
 h - a sack of spiders
Comestibles
 c - 2 rations


   Skills:
 - Level 2.0 Armour
 * Level 3.0 Dodging
 - Level 2.4 Stealth
 - Level 9.0 Spellcasting
 - Level 4.6 Summonings
 - Level 8.0 Ice Magic


You had 11 spell levels left.
You knew the following spells:

 Your Spells              Type           Power        Failure   Level  Hunger
a - Freeze                Ice            25 (25)      1%          1    0
b - Throw Frost           Ice            47 (50)      1%          2    0
c - Ozocubu's Armour      Chrm/Ice       28 (100)     4%          3    0
d - Hailstorm Ice 47 (100) 3% 4 0-93 e - Throw Icicle Ice 47 (100) 3% 4 0-93 f - Summon Ice Beast Ice/Summ       39 (100)     6%          4    0-93

Your spell library contained the following spells:

 Spells                   Type           Power        Failure   Level  Hunger


Dungeon Overview and Level Annotations

Branches:
Dungeon (2/8)

Altars:

Annotations:
D:2 Prince Ribbit


Innate Abilities, Weirdness & Mutations

Your soft flesh is weak to deep cuts.
Heavy manmade armour will nullify this weakness. (rSlashing-)


Message History

You cannot cast spells while your head is inside Prince Ribbit!
Sorry, you're not good enough to have a special ability.
You hit the crocodile (3).
The crocodile is lightly wounded. (27/30) HP Your lungs strain for air!
You are digested (4).
The crocodile bites you (11)!
* * * LOW HITPOINT WARNING * * *
The crocodile bites you but does no damage.
Unknown command.
Unknown command.
You cannot cast spells while your head is inside Prince Ribbit!
Prince Ribbit's hold on you weakens, but your attempt to escape fails.
* * * LOW HITPOINT WARNING * * *
Your lungs strain for air!
You are digested (5).
* * * LOW HITPOINT WARNING * * *
The bullfrog closely misses you. The bullfrog body-slams you (2).
* * * LOW HITPOINT WARNING * * *
The crocodile bites you (6).
You die...

##..≈.≈..≈..≈≈≈≈≈†††≈≈÷...≈≈≈
##.≈≈≈≈≈##############≈....#≈
##.≈≈####≈≈≈≈≈≈#### #≈≈≈≈.#.
##.≈##≈≈≈≈≈≈≈≈≈≈≈≈####≈≈≈≈.#≈
##.##≈≈≈≈≈≈≈≈≈≈≈≈≈≈≈##≈≈≈≈≈#≈
#### ≈≈≈≈≈≈≈≈≈≈≈<≈≈≈≈#≈≈≈≈≈#.
## ≈≈≈≈...≈≈≈b.≈≈≈≈≈≈≈≈≈≈#≈
## ≈≈≈≈..YY≈.≈≈≈≈≈≈≈≈≈≈≈≈#≈
≈≈≈≈..F@t≈..≈≈≈≈≈≈≈≈≈≈#≈
≈≈≈≈≈.F.≈..≈≈≈≈≈≈≈≈≈≈≈#≈
≈≈≈≈≈≈≈≈≈...≈≈≈≈≈≈≈≈≈≈#;
≈≈≈≈≈≈≈≈≈≈≈≈≈≈≈≈≈≈≈≈≈≈#.
≈≈≈≈≈≈≈≈≈≈≈≈≈≈≈≈≈.≈≈≈≈#≈
####≈≈≈≈≈≈≈≈≈≈≈≈≈≈≈≈.≈≈≈.#≈
#..#####≈≈≈≈≈≈≈≈≈≈..≈....#≈
##..≈≈###############...≈≈≈
##≈..≈≈≈##≈≈..## #.≈≈≈≈≈


You could see Prince Ribbit, a crocodile, a bullfrog and 2 friendly ice beasts.

Vanquished Creatures
  3 big kobolds (D:2)
  Dowan (D:2)
  7 jellies (D:2)
  11 giant cockroaches
  3 adders (D:2)
  A gnoll (D:1)
  43 sewer rats (D:2)
  8 cinder newts
  7 worms (D:2)
  A bullfrog (D:2)
  4 oozes
  3 dart slugs (D:1)
  4 leopard geckos
  2 adder skeletons (D:2)
  8 bats
  5 goblins (D:1)
  2 hobgoblins (D:1)
  13 kobolds
  5 ball pythons
  A bat skeleton (D:2)
  2 goblin skeletons (D:2)
  A hobgoblin skeleton (D:2)
  An orc skeleton (D:2)
  10 rats (D:1)
  4 withered plants (D:2)
150 creatures vanquished.

Vanquished Creatures (collateral kills)
  A water moccasin (D:2)
  Duvessa (D:2)
  2 jellies (D:2)
  5 sewer rats (D:2)
  A bullfrog (D:2)
  2 kobolds (D:2)
  A kobold skeleton (D:2)
  An orc skeleton (D:2)
14 creatures vanquished.

Vanquished Creatures (others)
  A hobgoblin skeleton (D:2)
  6 slimeheads (D:2)
  101 withered plants (D:2)
108 creatures vanquished.

Grand Total: 272 creatures vanquished

Notes
Turn   | Place    | Note
-------+----------+-------------------------------------------
     0 | D:1      | gruber the Deep Elf Ice Elementalist began the quest for
                  | the Orb.
     0 | D:1      | Reached XP level 1. HP: 10/10 MP: 6/6
    27 | D:1      | Reached XP level 2. HP: 6/15 MP: 1/8
    99 | D:1      | Reached XP level 3. HP: 13/19 MP: 6/10
   103 | D:1      | Learned a level 2 spell: Throw Frost
   377 | D:1      | Reached skill level 5 in Ice Magic
   377 | D:1      | Reached XP level 4. HP: 17/24 MP: 5/11
   395 | D:1      | Reached skill level 4 in Spellcasting
   728 | D:1      | Reached XP level 5. HP: 28/28 MP: 12/14
   734 | D:1      | Learned a level 3 spell: Ozocubu's Armour
   739 | D:1      | Learned a level 4 spell: Hailstorm
  1046 | D:2      | Reached skill level 5 in Spellcasting
  1052 | D:2      | Learned a level 4 spell: Throw Icicle
  1057 | D:2      | Learned a level 4 spell: Summon Ice Beast
  1171 | D:2      | Reached XP level 6. HP: 32/32 MP: 3/16
  1570 | D:2      | Noticed Dowan
  1572 | D:2      | Noticed Duvessa
  1603 | D:2      | Killed Duvessa
  1603 | D:2      | Reached skill level 6 in Spellcasting
  1643 | D:2      | Killed Dowan
  1677 | D:2      | Reached XP level 7. HP: 31/36 MP: 9/18
  1835 | D:2      | Reached skill level 7 in Spellcasting
  1988 | D:2      | Reached skill level 1 in Armour
  2483 | D:2      | Reached skill level 8 in Spellcasting
  2492 | D:2      | Reached XP level 8. HP: 41/41 MP: 6/22
  2619 | D:2      | Reached skill level 9 in Spellcasting
  3189 | D:2      | Noticed Prince Ribbit
  3199 | D:2      | Slain by a crocodile

Levels and vault maps discovered:
D:1:      elethiomel_arrival_shortcut, layout_loops_corners, minmay_between
D:2:      layout_sewer, sewer_frog_pond, uniq_duvessa

Skill      XL: |  1  2  3  4  5  6  7  8 |
---------------+-------------------------+-----
Ice Magic      | 4 5 6 7 8 |  8.0
Spellcasting   | 4 5 6 8 9 |  9.0
Armour         | 2 |  2.0
Summonings     | 4 |  4.6
Dodging        | 3 |  3.0
Stealth        | |  2.4

Action                   |  1- 3 |  4- 6 |  7- 9 || total
-------------------------+-------+-------+-------++-------
Melee: Quarterstaff      |       |    10 |    65 ||    75
       Unarmed           |       |    10 |       ||    10
 Cast: Freeze            |    22 |    44 |    92 ||   158
       Throw Frost       |     9 |    54 |    72 ||   135
       Ozocubu's Armour  |       |     2 |     8 ||    10
       Summon Ice Beast  |       |     3 |     8 ||    11
       Throw Icicle      |       |       |     1 ||     1
       Hailstorm         |       |       |     1 ||     1
 Stab: Distracted        |       |       |     1 ||     1
       Sleeping          |       |       |     1 ||     1
  Eat: Chunk             |       |     4 |     4 ||     8
       Ration            |       |       |     1 ||     1
Armor: Robe              |     2 |    19 |    10 ||    31
       Troll leather     |       |       |    62 ||    62
Dodge: Dodged            |    12 |    15 |    36 ||    63
